Map: Orbital Shipyard

Players

LilDicky

  • Race: Terran Terran
  • League: Diamond

terran - Winner!

  • Race: Zerg Zerg
  • League: Diamond

VOD

http://www.twitch.tv/tumescentpie

Description

Time

  • Played on: Dec. 20, 2015, 12:57 p.m.
  • Length: 2:40
Show
View Real Time Build Order
Export as new Build Order

LilDicky Terran 

Build Orders:  

Get SALT Encoding   

  12  0:01  SCV  
  13  0:13  SCV  
  14  0:18  Supply Depot  
  14  0:25  SCV  
  15  0:31  Refinery  
  15  0:39  SCV  
  16  0:50  Barracks  
  16  0:51  SCV  
  17  1:03  SCV  
  18  1:15  SCV  
  19  1:20  Refinery  
  19  1:28  SCV  
  20  1:33  Barracks  
  20  1:42  SCV  
  21  1:54  SCV  
  22  2:06  SCV  
  23  2:20  Supply Depot  
  23  2:26  Factory  
Show
View Real Time Build Order
Export as new Build Order

terran Zerg - Winner!

Build Orders: Hatch First 

Get SALT Encoding   

  12  0:01  Drone  
  13  0:08  Drone  
  14  0:19  Overlord  
  14  0:37  Drone x3  
  17  0:51  Drone  
  17  0:56  Hatchery  
  17  1:11  Spawning Pool  
  16  1:14  Drone  
  16  1:15  Drone  
  18  1:19  Extractor  
  18  1:24  Drone  
  18  1:33  Drone  
  19  1:43  Drone  
  20  1:49  Extractor  
  19  1:55  Overlord  
  19  1:57  Queen  
  21  2:12  Drone  
  21  2:14  Drone  
  25  2:24  Drone  
  25  2:25  Drone  
  25  2:27  Drone  
Tags
 
Add a new tag
Caveats
  • Supply blocks, unpowered buildings, or Contaminate may cause inaccurate times.
  • Supply counts are checked every 10 seconds.